 Dungeon Crawl Stone Soup version 0.22-a0-353-g2d6336e (webtiles) character file.

1533 Amnesiac the Magician (level 8, -1/56 HPs)
             Began as a Mummy Earth Elementalist on Apr 15, 2018.
             Was an Initiate of Ashenzari.
             Slain by a killer bee (3 damage)
             ... on level 7 of the Dungeon.
             The game lasted 00:12:37 (7451 turns).

Amnesiac the Magician (Mummy Earth Elementalist)    Turns: 7451, Time: 00:12:38

Health: -1/56      AC:  5    Str: 12    XL:     8   Next: 55%
Magic:  23/30      EV: 13    Int: 16    God:    Ashenzari [......]
Gold:   507        SH:  0    Dex: 12    Spells: 1/17 levels left

rFire    x . .     SeeInvis .   a - staff of power
rCold    + + .     Gourm    .   (no shield)
rNeg     + + +     Faith    .   c - +0 robe
rPois    ∞         Spirit   .   (no helmet)
rElec    .         Reflect  .   i - +0 cloak
rCorr    .         Harm     .   f - +0 pair of gloves
MR       +....                  h - +0 pair of boots
Stlth    ++........             (no amulet)
HPRegen  0.18/turn              j - ring of protection from cold
MPRegen  0.22/turn              (no ring)

@: very slightly contaminated
A: no food or potions, fire vulnerability, cold resistance 1, negative energy
resistance 3, torment resistance, unbreathing
a: Curse Item, Renounce Religion


You were on level 7 of the Dungeon.
You worshipped Ashenzari.
Ashenzari was noncommittal.
You were not hungry.

You visited 2 branches of the dungeon, and saw 8 of its levels.

You collected 507 gold pieces.

Inventory:

Hand Weapons
 b - a +0 dagger
 r - a +4 quarterstaff of chaos
Missiles
 k - 34 stones (quivered)
Armour
 c - a +0 robe (worn)
 f - a +0 pair of gloves (worn)
 h - a +0 pair of boots (worn)
 i - a +0 cloak (worn)
Magical Staves
 a - an uncursed staff of power (weapon)
Jewellery
 j - a ring of protection from cold (left hand)
Scrolls
 d - a scroll of blinking {!r, unknown}
 e - a scroll of immolation {!r}
 g - a scroll of fear {!r, unknown}
 l - 4 scrolls of magic mapping {!r}
 m - 3 scrolls of amnesia {!r, unknown}
 n - a scroll of random uselessness {!r, unknown}
 o - 3 scrolls of identify {!r}
 p - a scroll of remove curse {!r}
 q - a scroll of enchant armour {!r, unknown}


   Skills:
 - Level 2.0 Fighting
 - Level 4.0 Short Blades
 + Level 3.3 Dodging
 - Level 4.0 Stealth
 - Level 5.0 Spellcasting
 - Level 1.0 Conjurations
 - Level 1.0 Translocations
 - Level 1.1 Transmutations
 - Level 1.0 Air Magic
 - Level 5.0 Earth Magic
 - Level 1.0 Poison Magic


You had one spell level left.
You knew the following spells:

 Your Spells              Type           Power        Failure   Level  Hunger
a - Sandblast             Erth           ###...       1%          1    N/A
b - Passwall              Tmut/Erth      ##........   7%          2    N/A
c - Stone Arrow           Conj/Erth      ##....       13%         3    N/A
d - Lee's Rapid Deconstr  Erth           ###.......   47%         5    N/A
e - Mephitic Cloud        Conj/Pois/Air  #.......     30%         3    N/A
v - Blink                 Tloc           N/A          16%         2    N/A

Dungeon Overview and Level Annotations

Branches:
Dungeon (7/15)             Temple (1/1) D:4

Altars:
Ashenzari
Cheibriados
Dithmenos
Elyvilon
Fedhas
Gozag
Hepliaklqana
Kikubaaqudgha
Nemelex Xobeh
Okawaru
Qazlal
Ru
Trog
Uskayaw
Vehumet
Xom
Yredelemnul
Zin
The Shining One


Innate Abilities, Weirdness & Mutations

You do not eat or drink.
Your flesh is vulnerable to fire.
You are immune to poison.
Your flesh is cold resistant. (rC+)
You are immune to negative energy. (rN+++)
You are immune to unholy pain and torment.
You can survive without breathing.


Message History

* * * LOW HITPOINT WARNING * * *
Casting: Sandblast (safe; 1% risk of failure)
Confirm with . or Enter, or press ? or * to list all spells.
Aiming: Sandblast (safe; 1% risk of failure)
Press: ? - help, Shift-Dir - straight line, f/p - killer bee
Aim: a killer bee (severely wounded)
The blast of sand hits the killer bee.
The killer bee is severely wounded.
k - 37 stones The killer bee stings you but does no damage.
The killer bee closely misses you. x2; The killer bee misses you.
Casting: Sandblast (safe; 1% risk of failure)
Confirm with . or Enter, or press ? or * to list all spells.
Aiming: Sandblast (safe; 1% risk of failure)
Press: ? - help, Shift-Dir - straight line, f/p - killer bee
Aim: a killer bee (severely wounded)
The blast of sand hits the killer bee.
You kill the killer bee!
Your Dodging skill increases to level 3!
k - 36 stones The killer bee closely misses you.
The killer bee stings you but does no damage.
Casting: Sandblast (safe; 1% risk of failure)
Confirm with . or Enter, or press ? or * to list all spells.
Aiming: Sandblast (safe; 1% risk of failure)
Press: ? - help, Shift-Dir - straight line, f - killer bee
Aim: a killer bee You miscast Sandblast.
You are very lightly contaminated with residual magic.
Nothing appears to happen.
The killer bee stings you.
* * * LOW HITPOINT WARNING * * *
The killer bee closely misses you.
Casting: Sandblast (safe; 1% risk of failure)
Confirm with . or Enter, or press ? or * to list all spells.
Aiming: Sandblast (safe; 1% risk of failure)
Press: ? - help, Shift-Dir - straight line, f/p - killer bee
Aim: a killer bee The blast of sand hits the killer bee.
The killer bee is heavily wounded.
k - 35 stones The killer bee completely misses you.
The killer bee barely misses you.
Casting: Sandblast (safe; 1% risk of failure)
Confirm with . or Enter, or press ? or * to list all spells.
Aiming: Sandblast (safe; 1% risk of failure)
Press: ? - help, Shift-Dir - straight line, f/p - killer bee
Aim: a killer bee (heavily wounded)
The blast of sand hits the killer bee.
You kill the killer bee!
k - 34 stones
Casting: Sandblast (safe; 1% risk of failure)
Confirm with . or Enter, or press ? or * to list all spells.
You can't see any susceptible monsters within range! (Use Z to cast anyway.)
Casting: Sandblast (safe; 1% risk of failure)
Confirm with . or Enter, or press ? or * to list all spells.
You can't see any susceptible monsters within range! (Use Z to cast anyway.)
You climb downwards.
You hear the hiss of flowing sand.
There is an entrance to an ossuary on this level.
Hurry and find it before the portal is buried!
The killer bee stings you!
* * * LOW HITPOINT WARNING * * *
The killer bee misses you. The killer bee stings you!
* * * LOW HITPOINT WARNING * * *
The killer bee stings you.
You die...

#...............
#...............
.............. .....
#..........####c.....
#.............+......
#............# .....
#............##.....
#.#'##.<...yy...##
#.##......@....#
.##.##.....##....#
....##....###....#
....##....###†...####
.....................
..................###
....................#
....................#
#.....<####........#


You could see 2 killer bees.

Vanquished Creatures
  Sigmund (D:3)
  4 sky beasts
  A centaur (D:6)
  A bullfrog (D:6)
  3 killer bees
  A quasit (D:5)
  2 orc priests
  Crazy Yiuf (D:2)
  3 hounds
  A bullfrog skeleton (D:5)
  2 iguanas
  4 orc wizards
  7 worker ants
  A worker ant zombie (D:7)
  3 adders
  An ooze (D:1)
  An adder skeleton (D:5)
  2 adder zombies (D:5)
  A worm (D:2)
  A dart slug (D:1)
  5 leopard geckos
  26 orcs
  3 giant cockroaches
  6 hobgoblins
  19 jackals
  2 quokkas
  A ball python (D:2)
  5 bats
  4 frilled lizards
  4 goblins
  6 kobolds
  2 leopard gecko skeletons (D:4)
  4 rats
128 creatures vanquished.

Notes
Turn   | Place    | Note
-------+----------+-------------------------------------------
     0 | D:1      | Amnesiac the Mummy Earth Elementalist began the quest for the Orb.
     0 | D:1      | Reached XP level 1. HP: 13/13 MP: 4/4
   394 | D:3      | Noticed an orc priest
   394 | D:3      | Noticed an orc wizard
   621 | D:3      | Reached XP level 2. HP: 19/19 MP: 2/5
  1099 | D:2      | Reached XP level 3. HP: 21/24 MP: 3/7
  1103 | D:2      | Learned a level 2 spell: Passwall
  1107 | D:2      | Learned a level 3 spell: Stone Arrow
  1367 | D:3      | HP: 1/24 [orc wizard/magic dart (3)]
  2599 | D:2      | Found a runed door.
  2817 | D:2      | Reached XP level 4. HP: 30/30 MP: 9/9
  3040 | D:2      | Noticed Crazy Yiuf
  3049 | D:2      | Killed Crazy Yiuf
  3316 | D:3      | Noticed Sigmund
  3352 | D:3      | Killed Sigmund
  3352 | D:3      | Reached XP level 5. HP: 35/35 MP: 0/11
  3596 | D:3      | Reached XP level 6. HP: 14/41 MP: 13/13
  4028 | D:3      | Reached skill level 5 in Spellcasting
  4253 | D:3      | Reached skill level 5 in Earth Magic
  4540 | D:4      | Noticed a sky beast
  4569 | D:4      | Killed a sky beast
  4963 | D:4      | Reached XP level 7. HP: 46/46 MP: 14/14
  5059 | D:4      | Found a staircase to the Ecumenical Temple.
  5069 | Temple   | Entered the Ecumenical Temple
  5218 | Temple   | Became a worshipper of Ashenzari the Shackled
  5283 | D:4      | Reached skill level 1 in Short Blades
  5649 | D:5      | Entered Level 5 of the Dungeon
  5898 | D:6      | Learned a level 2 spell: Blink
  6050 | D:6      | Learned a level 3 spell: Mephitic Cloud
  6056 | D:6      | Learned a level 5 spell: Lee's Rapid Deconstruction
  6770 | D:6      | Found a snail-covered altar of Cheibriados.
  6772 | D:6      | Found a sparkling altar of Nemelex Xobeh.
  6773 | D:6      | Found a shimmering altar of Xom.
  6782 | D:6      | Reached XP level 8. HP: 47/52 MP: 13/15
  6794 | D:6      | Reached skill level 1 in Transmutations
  6925 | D:6      | Reached skill level 1 in Translocations
  6928 | D:6      | Reached skill level 1 in Conjurations
  6928 | D:6      | Reached skill level 1 in Air Magic
  6928 | D:6      | Reached skill level 1 in Poison Magic
  6945 | D:6      | Reached skill level 1 in Fighting
  7451 | D:7      | HP: 2/56 [killer bee (10)]
  7451 | D:7      | Slain by a killer bee

Vault maps used:
D:1:      ncdulo_halloftheorcs, minmay_pentomino_s2
D:2:      uniq_crazy_yiuf_cottage
D:3:      first_ration, serial_forest, infiniplex_forest_straight_3,
          infiniplex_forest_lined_room_, infiniplex_forest_clump_medium,
          infiniplex_forest_zigzag_2, infiniplex_forest_lined_corner,
          infiniplex_forest_clump_diagonal, infiniplex_forest_corner_1,
          infiniplex_forest_clump_diagonal, uniq_sigmund
D:4:      minmay_temple_entry_statues_fountains
D:5:      grunt_decor_fettered
D:6:      grunt_temple_overflow_open
D:7:      chequers_ossuary_entry_cave, okawaru_trees_2
Temple:   eino_temple_scatter_basement

Skill      XL: |  1  2  3  4  5  6  7  8 |
---------------+-------------------------+-----
Earth Magic    | 3 4 5 |  5.0
Spellcasting   | 3 4 5 |  5.0
Stealth        | 2 3 4 |  4.0
Short Blades   | 4 |  4.0
Transmutations | 1 |  1.1
Translocations | 1 |  1.0
Conjurations   | 1 |  1.0
Air Magic      | 1 |  1.0
Poison Magic   | 1 |  1.0
Fighting       | 2 |  2.0
Dodging        | 3 |  3.3

Action                   |  1- 3 |  4- 6 |  7- 9 || total
-------------------------+-------+-------+-------++-------
Melee: Unarmed           |    14 |       |       ||    14
       Spear             |    94 |       |       ||    94
       Mace              |    32 |     9 |       ||    41
       Quarterstaff      |       |    61 |   111 ||   172
       Dagger            |       |       |     1 ||     1
 Cast: Sandblast         |    41 |    41 |    72 ||   154
       Passwall          |     1 |       |     3 ||     4
       Stone Arrow       |     1 |       |       ||     1
  Use: Scroll            |     2 |     3 |       ||     5
 Stab: Sleeping          |     1 |     2 |     4 ||     7
Armor: Robe              |    62 |    28 |    91 ||   181
Dodge: Dodged            |   139 |    58 |   160 ||   357

Table legend:
 A = Spawn XP
 B = Non-spawn XP
 C = Spawn XP percentage of total XP
 D = Spawn monster count
 E = Non-spawn monster count
 F = Spawn count percentage of total count
 G = Total turns spent on level
                    A         B        C        D         E        F      G
               +---------+---------+-------+---------+---------+-------+---------
         Total |       0 |    2190 |   0.0 |       0 |     128 |   0.0 |  7451
               +---------+---------+-------+---------+---------+-------+---------
           D:1 |       0 |      34 |   0.0 |       0 |      16 |   0.0 |  1017
           D:2 |       0 |      79 |   0.0 |       0 |      22 |   0.0 |  2316
           D:3 |       0 |     391 |   0.0 |       0 |      21 |   0.0 |  1247
           D:4 |       0 |     424 |   0.0 |       0 |      26 |   0.0 |   993
           D:5 |       0 |     409 |   0.0 |       0 |      19 |   0.0 |   764
           D:6 |       0 |     775 |   0.0 |       0 |      22 |   0.0 |   918
           D:7 |       0 |      78 |   0.0 |       0 |       2 |   0.0 |    35
               +---------+---------+-------+---------+---------+-------+---------
